 Dungeon Crawl Stone Soup version 0.22.1-2-g9c5b331 (webtiles) character file.

2859 Lolow the Cudgeler (level 9, 0/73 HPs)
             Began as a Purple Draconian Transmuter on Dec 1, 2018.
             Was a Priest of Zin.
             Succumbed to a killer bee's poison
             ... on level 8 of the Dungeon on Dec 4, 2018.
             The game lasted 01:46:17 (9931 turns).

Lolow the Cudgeler (Purple Draconian Transmuter)    Turns: 9931, Time: 01:46:18

Health: 0/73       AC: 11    Str: 16    XL:     9   Next: 47%
Magic:  2/15       EV: 14    Int: 14    God:    Zin [***...]
Gold:   61         SH:  0    Dex: 11    Spells: 13/16 levels left

rFire    . . .     SeeInvis +   a - +1 flail
rCold    + . .     Gourm    .   (no shield)
rNeg     . . .     Faith    .   (armour unavailable)
rPois    .         Spirit   +   (helmet restricted)
rElec    .         Reflect  .   o - scarf {Spirit}
rCorr    .         Harm     .   h - +1 pair of gloves
MR       +....                  y - +1 pair of boots
Stlth    ++........             (no amulet)
HPRegen  0.22/turn              g - ring of see invisible
MPRegen  0.14/turn              q - ring of protection from cold

@: lethally poisoned (0 -> -31), very slightly contaminated
A: breathe power, unfitting armour, cold-blooded, AC +7
a: Breathe Dispelling Energy, Recite, Vitalisation, Imprison, Donate Gold,
Renounce Religion


You were on level 8 of the Dungeon.
You worshipped Zin.
Zin was most pleased with you.
You were very hungry.

You visited 1 branch of the dungeon, and saw 8 of its levels.

You collected 367 gold pieces.
You spent 76 gold pieces at shops.
You donated 230 gold pieces to Zin.

Inventory:

Hand Weapons
 a - a +1 flail (weapon)
 b - a +0 hunting sling
 d - a +0 club
 f - a +0 spear
 H - a cursed +0 trident
Missiles
 i - 184 stones
 m - 105 arrows
 r - 56 poisoned needles
 w - 106 sling bullets
 E - a tomahawk of returning (quivered)
 G - a tomahawk
Armour
 h - a +1 pair of gloves (worn)
 o - a scarf of spirit shield (worn)
 t - a +0 pair of gloves
 y - a +1 pair of boots (worn)
Jewellery
 g - a ring of see invisible (left hand)
 q - a ring of protection from cold (right hand)
 z - a +4 ring of dexterity {unknown}
 C - an uncursed ring of poison resistance
 D - a cursed -5 ring of evasion {unknown}
Scrolls
 l - 2 scrolls of amnesia
 s - 2 scrolls of magic mapping
 v - 3 scrolls of enchant armour
 x - 2 scrolls of immolation {unknown}
 A - a scroll of fear {unknown}
 B - 3 scrolls of remove curse
Potions
 e - a potion of might {unknown}
 j - 2 potions of mutation
 k - 3 potions of lignification
 p - a potion of flight {unknown}
 F - a potion of magic
Comestibles
 c - 3 rations


   Skills:
 + Level 4.9 Fighting
 + Level 7.4 Maces & Flails
 + Level 2.0(2.4) Slings
 + Level 2.1(2.5) Throwing
 + Level 5.5 Dodging
 + Level 2.0 Stealth
 + Level 3.6 Unarmed Combat
 + Level 4.4 Spellcasting
 + Level 3.5 Transmutations
 + Level 4.3 Invocations


You had 13 spell levels left.
You knew the following spells:

 Your Spells              Type           Power        Failure   Level  Hunger
a - Beastly Appendage     Tmut           ##....       4%          1    None
b - Sticks to Snakes      Tmut           ##......     6%          2    ##.....

Your spell library contained the following spells:

 Spells                   Type           Power        Failure   Level  Hunger
 Animate Skeleton         Necr           N/A          19%         1    None
 Confusing Touch          Hex            #.....       19%         1    None
 Pain                     Necr           #...         19%         1    None
 Spider Form              Tmut/Pois      #.........   26%         3    ###....
 Confuse                  Hex            #.......     50%         3    ###....
 Gell's Gravitas          Tloc           #.........   50%         3    ###....
 Regeneration             Chrm/Necr      #.........   50%         3    ###....
 Vampiric Draining        Necr           #.........   50%         3    ###....
 Ice Form                 Ice/Tmut       #.......     65%         4    ####...
 Petrify                  Tmut/Erth      #.......     65%         4    ####...
 Blade Hands              Tmut           ##........   75%         5    ######.
 Animate Dead             Necr           N/A          88%         4    ####...
 Yara's Violent Unravell  Hex/Tmut       #.........   94%         5    ######.
 Metabolic Englaciation   Hex/Ice        #.........   99%         5    ######.


Dungeon Overview and Level Annotations

Branches:
Dungeon (8/15)             Temple (0/1) D:4
   Lair: D:8-11

Altars:
Elyvilon
Fedhas
Hepliaklqana
Okawaru
Trog
Wu Jian
Xom
Yredelemnul
Zin

Shops:
D:4 ((:}   D:8 }


Innate Abilities, Weirdness & Mutations

You can breathe bolts of dispelling energy.
Your rich purple scales are hard. (AC +7)
You cannot fit into any form of body armour.
You are cold-blooded and may be slowed by cold attacks.


Message History

You are more poisoned.
The killer bee poisons you! The killer bee barely misses you. x2
The killer bee stings you.
* * * LOW HITPOINT WARNING * * *
There is an escape hatch in the ceiling here.
Okay, then.
Blink to where?
Press: ? - help, Dir - move target cursor, p - killer bee You are very lightly contaminated with residual magic.
As you read the scroll of blinking, it crumbles to dust.
* * * LOW HITPOINT WARNING * * *
You feel very sick.
The killer bee buzzes angrily.
You hear an angry buzzing noise.
A killer bee comes into view.
The killer bee completely misses you.
The killer bee moves out of view.
* * * LOW HITPOINT WARNING * * *
You feel very sick. The killer bee barely misses you.
The killer bee stings you but does no damage.
You die...

####.. ############.....
#.......>....# ##.###......##
.#. . #... #.####..####..(# ###
#...##.# ##.......... #..
#...##.# #.....##.... ..
#......# #@(.#.....## #
######....#####.y.#####..#### #
...............y(..# ...###
....##...#......##.y########..[.
............#yy####........##...
..............y.................
................................
............†<.......#....###...
.....................#..........


You could see a queen bee and 5 killer bees.

Vanquished Creatures
  Pikel (D:6)
  Joseph (D:7)
  An ice beast (D:5)
  2 phantoms
  A sky beast (D:5)
  A slave (D:7)
  4 centaurs (D:7)
  3 ogres
  A big kobold (D:7)
  A wyvern zombie (D:6)
  2 bullfrogs
  7 killer bees
  A howler monkey (D:4)
  A crimson imp (D:7)
  2 bullfrog skeletons
  A bullfrog zombie (D:5)
  An orc priest (D:5)
  A hound (D:5)
  A jelly (D:7)
  4 orc wizards
  A centaur skeleton (D:7)
  3 worker ants
  2 gnolls (D:6)
  5 adders
  A shadow imp (D:6)
  3 adder zombies
  A worm (D:3)
  An adder skeleton (D:7)
  A leopard gecko (D:3)
  12 orcs
  A ball python (D:1)
  3 bats
  2 giant cockroaches
  2 gnoll zombies (D:2)
  8 goblins
  5 hobgoblins
  13 jackals
  16 kobolds
  2 quokkas (D:4)
  2 frilled lizards (D:2)
  A leopard gecko skeleton (D:4)
  A quokka zombie (D:5)
  5 rats
128 creatures vanquished.

Vanquished Creatures (collateral kills)
  3 killer bees (D:7)
  2 gnolls (D:6)
  An adder (D:2)
  A leopard gecko (D:6)
  2 orcs (D:5)
  A bat (D:2)
  A giant cockroach (D:2)
  A hobgoblin (D:3)
  3 kobolds
  2 quokkas
  A frilled lizard (D:1)
18 creatures vanquished.

Grand Total: 146 creatures vanquished

Notes
Turn   | Place    | Note
-------+----------+-------------------------------------------
     0 | D:1      | Lolow the Draconian Transmuter began the quest for the Orb.
     0 | D:1      | Reached XP level 1. HP: 16/16 MP: 3/3
   238 | D:1      | Reached XP level 2. HP: 17/23 MP: 5/5
   242 | D:1      | Learned a level 2 spell: Sticks to Snakes
   784 | D:2      | Reached XP level 3. HP: 22/28 MP: 4/6
  1763 | D:2      | Found a basalt altar of Yredelemnul.
  1860 | D:3      | Reached skill level 1 in Maces & Flails
  2026 | D:3      | Reached XP level 4. HP: 35/35 MP: 3/7
  2617 | D:3      | Noticed an angel
  2618 | D:3      | Found a glowing silver altar of Zin.
  2625 | D:3      | Became a worshipper of Zin the Law-Giver
  2625 | D:3      | Reached * piety under Zin
  2629 | D:3      | Donated 66 gold pieces to Zin
  2934 | D:4      | Found Ofacyel's Weapon Shop.
  2944 | D:4      | Bought 11 poisoned needles for 57 gold pieces
  2969 | D:4      | Found a bloodstained altar of Trog.
  2994 | D:4      | Reached skill level 2 in Maces & Flails
  3000 | D:4      | Reached skill level 1 in Stealth
  3000 | D:4      | Reached XP level 5. HP: 34/40 MP: 9/9
  3147 | D:4      | Reached skill level 3 in Maces & Flails
  3310 | D:4      | Found a staircase to the Ecumenical Temple.
  3399 | D:4      | Found Guneok's Book Shop.
  3421 | D:4      | Found Nurph's Gadget Boutique.
  3480 | D:4      | Reached skill level 1 in Invocations
  3554 | D:4      | Found Efuybuuj's Weapon Shop.
  3557 | D:4      | Bought 9 arrows for 19 gold pieces
  3593 | D:5      | Entered Level 5 of the Dungeon
  3695 | D:4      | Reached XP level 6. HP: 12/48 MP: 6/10
  4084 | D:5      | Found a shimmering altar of Xom.
  4105 | D:5      | Noticed an ice beast
  4330 | D:5      | Donated 17 gold pieces to Zin
  4336 | D:5      | Noticed a sky beast
  4351 | D:5      | Killed a sky beast
  4427 | D:5      | Reached skill level 1 in Throwing
  4585 | D:5      | Killed an ice beast
  4585 | D:5      | Reached skill level 4 in Maces & Flails
  4585 | D:5      | Your scales start taking on a rich purple colour.
  4585 | D:5      | Reached XP level 7. HP: 38/55 MP: 10/12
  4750 | D:5      | Reached ** piety under Zin
  5648 | D:6      | Found a blossoming altar of Fedhas.
  5693 | D:6      | Donated 49 gold pieces to Zin
  5828 | D:6      | Reached skill level 5 in Maces & Flails
  6177 | D:7      | Reached XP level 8. HP: 63/63 MP: 13/13
  6631 | D:6      | HP: 2/63 [killer bee (3)]
  6632 | D:6      | Zin protects you from harm!
  7175 | D:7      | Noticed Pikel
  7461 | D:6      | Killed Pikel
  7461 | D:6      | Reached skill level 6 in Maces & Flails
  7698 | D:7      | Reached *** piety under Zin
  7762 | D:7      | Found a shimmering altar of Xom.
  7768 | D:7      | Zin protects you from harm!
  8260 | D:7      | Reached skill level 1 in Slings
  8262 | D:7      | Reached XP level 9. HP: 39/71 MP: 11/15
  8418 | D:7      | Noticed Joseph
  8492 | D:7      | Found an iron altar of Okawaru.
  8492 | D:7      | Found a white marble altar of Elyvilon.
  8499 | D:7      | Found an ornate altar of the Wu Jian Council.
  8501 | D:7      | Found a hazy altar of Hepliaklqana.
  8819 | D:7      | Reached skill level 7 in Maces & Flails
  8945 | D:8      | Found Sucro's Gadget Shop.
  8955 | D:8      | Reached skill level 5 in Dodging
  9229 | D:8      | Donated 62 gold pieces to Zin
  9764 | D:7      | Killed Joseph
  9919 | D:8      | Noticed a queen bee
  9930 | D:8      | HP: 3/73 [poisoned by a killer bee]
  9931 | D:8      | Succumbed to a killer bee's poison

Skill      XL: |  1  2  3  4  5  6  7  8  9 |
---------------+----------------------------+-----
Dodging        | 2 3 4 5 |  5.5
Maces & Flails | 1 2 3 4 5 6 7 |  7.4
Stealth        | 1 2 |  2.0
Invocations    | 1 2 4 |  4.3
Fighting       | 2 3 4 |  4.9
Throwing       | 1 2 |  2.1
Spellcasting   | 3 4 |  4.4
Transmutations | 3 |  3.5
Slings         | 1 2 |  2.0
Unarmed Combat | |  3.6

Action                   |  1- 3 |  4- 6 |  7- 9 || total
-------------------------+-------+-------+-------++-------
Melee: Club              |    61 |       |       ||    61
       Unarmed           |     4 |       |       ||     4
       Tailslap          |     9 |    17 |    30 ||    56
       Punch             |     2 |     1 |     7 ||    10
       Kick              |     4 |       |       ||     4
       Headbutt          |     5 |       |       ||     5
       Flail             |    63 |   160 |   335 ||   558
 Fire: Hunting sling     |       |       |    35 ||    35
Throw: Tomahawk          |       |    15 |    35 ||    50
       Stone             |       |     5 |    37 ||    42
 Cast: Beastly Appendage |    10 |       |       ||    10
       Sticks to Snakes  |    11 |     2 |    25 ||    38
Invok: Donate Gold       |       |     2 |     2 ||     4
       Recite            |       |     4 |    14 ||    18
       Vitalisation      |       |       |     5 ||     5
       Imprison          |       |       |     1 ||     1
  Use: Scroll            |     6 |     3 |    14 ||    23
       Potion            |     1 |     3 |     4 ||     8
 Stab: Sleeping          |     1 |       |       ||     1
       Distracted        |       |       |     1 ||     1
  Eat: Ration            |     2 |     2 |     5 ||     9
Armor: Skin              |    35 |    70 |   177 ||   282
Dodge: Dodged            |   101 |   130 |   438 ||   669
